Map: Dusk Towers

Players

Superficial

  • Race: Protoss Protoss
  • League: Master

Miszu - Winner!

  • Race: Zerg Zerg
  • League: Master

VOD

Have the link to the VOD?

Description

Time

  • Played on: July 2, 2016, 4:47 p.m.
  • Length: 11:58
Show
View Real Time Build Order
Export as new Build Order

Superficial Protoss 

Build Orders: Nexus First, Phoenix Opening 

Get SALT Encoding   

  12  0:01  Probe (Chrono Boost)  
  13  0:11  Probe (Chrono Boost)  
  14  0:17  Pylon  
  14  0:22  Probe (Chrono Boost)  
  16  0:35  Probe (Chrono Boost)  
  16  0:46  Probe (Chrono Boost)  
  17  1:00  Nexus  
  18  1:04  Probe (Chrono Boost)  
  18  1:14  Gateway  
  18  1:17  Probe (Chrono Boost)  
  19  1:21  Assimilator  
  19  1:27  Probe (Chrono Boost)  
  19  1:30  Assimilator  
  20  1:38  Probe (Chrono Boost)  
  21  1:42  Pylon  
  21  1:48  Probe (Chrono Boost)  
  22  1:59  Probe (Chrono Boost)  
  23  2:02  Cybernetics Core  
  25  2:08  Zealot  
  25  2:09  Probe (Chrono Boost)  
  25  2:12  Probe (Chrono Boost)  
  27  2:22  Probe (Chrono Boost)  
  28  2:24  Probe (Chrono Boost)  
  29  2:33  Probe (Chrono Boost)  
  29  2:35  Probe (Chrono Boost)  
  31  2:43  Probe (Chrono Boost)  
  32  2:45  Probe (Chrono Boost)  
  32  2:49  Stargate  
  32  2:52  Warp Gate  
  32  2:54  Mothership Core (Chrono Boost)  
  32  2:57  Probe (Chrono Boost)  
  35  3:00  Pylon  
  35  3:08  Probe (Chrono Boost)  
  35  3:10  Adept  
  39  3:13  Probe (Chrono Boost)  
  39  3:18  Assimilator, Probe (Chrono Boost)  
  40  3:20  Assimilator  
  40  3:25  Probe (Chrono Boost)  
  41  3:28  Pylon  
  41  3:29  Probe (Chrono Boost)  
  41  3:32  Phoenix (Chrono Boost)  
  44  3:35  Probe  
  44  3:40  Adept, Probe  
  48  3:45  Probe  
  49  3:52  Probe  
  52  3:55  Phoenix (Chrono Boost)  
  52  3:58  Probe  
  53  4:07  Adept  
  55  4:13  Pylon  
  55  4:14  Probe  
  55  4:16  Probe  
  57  4:17  Phoenix (Chrono Boost)  
  59  4:29  Nexus  
  59  4:30  Probe  
  59  4:32  Probe  
  59  4:34  Pylon  
  61  4:40  Phoenix (Chrono Boost)  
  61  4:42  Probe  
  64  4:50  Probe  
  65  4:53  Probe  
  66  5:00  Pylon  
  66  5:02  Phoenix (Chrono Boost)  
  66  5:05  Adept, Probe  
  66  5:06  Probe  
  72  5:16  Probe  
  72  5:17  Gateway  
  72  5:18  Probe  
  72  5:19  Gateway  
  74  5:22  Gateway  
  74  5:26  Probe  
  74  5:27  Phoenix (Chrono Boost)  
  77  5:31  Probe  
  77  5:32  Adept  
  80  5:40  Probe x2  
  82  5:44  Twilight Council, Pylon  
  82  5:50  Probe  
  82  5:52  Probe  
  84  6:01  Phoenix (Chrono Boost)  
  86  6:06  Adept, Probe  
  86  6:07  Probe  
  86  6:08  Probe  
  91  6:17  Probe x2  
  91  6:19  Resonating Glaives (Chrono Boost)  
  91  6:22  Phoenix (Chrono Boost)  
  91  6:23  Gateway  
  91  6:24  Gateway  
  91  6:25  Pylon  
  95  6:29  Adept x3  
  95  6:30  Adept  
  103  6:37  Probe  
  103  6:38  Forge  
  103  6:39  Forge, Assimilator x2, Probe  
  105  6:50  Phoenix  
  105  6:53  Adept x4  
  105  6:59  Probe  
  105  7:00  Probe  
  107  7:02  Pylon  
  107  7:03  Pylon  
  107  7:05  Pylon  
  107  7:07  Gateway  
  107  7:10  Gateway  
  107  7:15  Protoss Ground Weapons Level 1 (Chrono Boost), Protoss Ground Armor Level 1 (Chrono Boost)  
  107  7:18  Adept  
  107  7:19  Adept  
  107  7:20  Adept  
  107  7:21  Adept  
  113  7:32  Adept  
  113  7:33  Adept  
  100  7:42  Adept x4  
  85  7:56  Adept  
  85  7:57  Adept  
  73  8:04  Adept x5  
  81  8:15  Adept  
  81  8:19  Adept x2  
  83  8:25  Adept  
  83  8:26  Adept x4  
  89  8:30  Nexus  
  87  8:35  Pylon  
  87  8:36  Adept  
  87  8:41  Adept x2  
  91  8:42  Pylon  
  93  8:49  Pylon  
  93  8:54  Adept  
  93  8:55  Adept x2  
  99  8:57  Pylon  
  84  9:08  Adept x2  
  84  9:09  Adept  
  70  9:17  Adept  
  70  9:18  Adept x2  
  76  9:25  Adept x2  
  76  9:31  Adept x3  
  86  9:39  Adept  
  86  9:40  Adept x2  
  92  9:57  Adept x3  
  92  9:58  Adept x2  
  76  10:13  Nexus  
  76  10:15  Adept  
  76  10:18  Adept  
  80  10:23  Sentry x2  
  78  10:44  Adept x2  
  78  10:45  Adept x3  
  78  10:47  Adept  
  90  10:51  Pylon  
  88  11:13  Adept  
  88  11:14  Adept x4  
  88  11:18  Adept  
  98  11:21  Adept  
  98  11:25  Adept  
Show
View Real Time Build Order
Export as new Build Order

Miszu Zerg - Winner!

Build Orders: Hatch First 

Get SALT Encoding   

  12  0:02  Drone  
  13  0:12  Overlord  
  13  0:17  Drone  
  14  0:31  Drone x2  
  16  0:36  Drone  
  17  0:52  Hatchery  
  17  0:55  Drone  
  17  0:59  Drone  
  18  1:09  Extractor, Drone  
  18  1:16  Spawning Pool  
  17  1:19  Drone  
  18  1:28  Drone  
  19  1:45  Overlord  
  19  1:52  Drone  
  20  2:02  Queen  
  20  2:03  Queen  
  20  2:06  Zergling x4  
  26  2:11  Zergling x2  
  26  2:14  Metabolic Boost  
  27  2:16  Drone  
  28  2:24  Drone  
  28  2:27  Drone  
  30  2:33  Drone  
  30  2:36  Drone  
  32  2:43  Drone  
  33  2:50  Drone  
  34  2:54  Pneumatized Carapace  
  34  2:56  Overlord, Hatchery  
  33  2:59  Drone  
  33  3:05  Drone  
  35  3:12  Drone  
  36  3:14  Drone x4  
  36  3:15  Drone  
  36  3:19  Overlord  
  41  3:22  Drone  
  41  3:24  Drone  
  43  3:32  Drone  
  44  3:40  Evolution Chamber x2  
  42  3:45  Extractor x2  
  42  3:46  Drone x7  
  47  3:50  Overlord  
  47  3:54  Drone  
  48  4:03  Spore Crawler  
  48  4:06  Spore Crawler  
  45  4:10  Zerg Melee Weapons Level 1  
  45  4:18  Queen  
  45  4:21  Drone x2  
  49  4:27  Overlord  
  49  4:29  Zergling x14  
  49  4:30  Zergling x2  
  57  4:34  Zergling x2, Spore Crawler  
  57  4:46  Overlord x2  
  57  4:57  Drone x8  
  65  5:04  Drone x6  
  70  5:20  Drone x3  
  72  5:24  Drone x4  
  76  5:34  Baneling Nest  
  75  5:37  Zerg Ground Armor Level 1  
  75  5:38  Hatchery  
  75  5:39  Drone x7  
  81  5:43  Lair  
  78  6:03  Zergling x12  
  81  6:06  Hatchery  
  81  6:09  Overlord x4, Queen  
  77  6:19  Zergling x8  
  81  6:28  Baneling x4  
  81  6:37  Zergling x20  
  81  6:38  Zergling x2  
  92  6:45  Zergling x4  
  93  6:52  Zergling x8  
  91  6:58  Zergling x8  
  91  6:59  Queen  
  90  7:03  Queen  
  90  7:05  Zergling x12  
  90  7:07  Baneling x2  
  90  7:08  Baneling x6  
  98  7:09  Zergling x2, Centrifical Hooks  
  98  7:12  Zergling x2  
  100  7:17  Zergling x4  
  100  7:20  Zergling x4, Queen  
  106  7:23  Infestation Pit  
  100  7:33  Zergling x20  
  103  7:37  Zergling x4  
  100  7:45  Zergling x8  
  100  7:46  Zergling x2  
  100  7:50  Zergling x4, Queen  
  101  7:53  Zergling x4  
  101  7:55  Zergling x2  
  104  8:00  Hive  
  104  8:03  Zerg Ground Armor Level 2, Zerg Melee Weapons Level 2  
  100  8:09  Zergling x16  
  105  8:16  Zergling x12  
  101  8:20  Zergling x4  
  94  8:30  Zergling x8  
  95  8:37  Baneling x6, Spore Crawler  
  95  8:38  Baneling x3  
  95  8:39  Zergling x14  
  99  8:44  Drone x2  
  99  8:45  Drone  
  102  8:50  Drone  
  94  9:04  Spore Crawler  
  94  9:06  Spore Crawler  
  94  9:07  Spore Crawler  
  80  9:10  Zergling x32  
  89  9:20  Adrenal Glands  
  86  9:27  Ultralisk Cavern  
  86  9:28  Zergling x14  
  86  9:30  Zergling x2  
  91  9:32  Baneling x3  
  91  9:33  Baneling x4  
  91  9:39  Queen  
  91  9:41  Drone x3  
  91  9:42  Drone  
  97  9:49  Drone x5  
  94  9:57  Drone x6  
  94  9:59  Drone  
  84  10:21  Ultralisk x2  
  96  10:22  Ultralisk  
  96  10:27  Baneling x4  
  96  10:28  Baneling x2  
  102  10:34  Queen  
  101  10:42  Drone x4  
  101  10:43  Drone x3  
  101  10:49  Ultralisk  
  110  10:51  Zergling x10  
  110  10:52  Zergling x2  
  116  10:59  Zergling x14  
  119  11:05  Drone x5  
  119  11:09  Drone x3  
  124  11:11  Drone x2  
  126  11:19  Overlord x2  
  126  11:20  Overlord x2  
  126  11:25  Extractor  
  125  11:26  Extractor  
Tags
 
Add a new tag
Caveats
  • Supply blocks, unpowered buildings, or Contaminate may cause inaccurate times.
  • Supply counts are checked every 10 seconds.